CBL
MINNEAPOLIS MILLERS @ MEMPHIS BLUES
06/02/2053
 
TOP OF THE 1ST
Minneapolis Millers batting - Pitching for Memphis Blues : LHP Pete Smashey
Pitching: LHP Pete Smashey
Batting: SHB Chuck Rhoades 0-0: Ball
1-0: Ball
2-0: Ball
3-0: Base on Balls
Batting: RHB Wilson Pérez 0-0: Ball
1-0: Called Strike
1-1: Called Strike
1-2: Strikes out swinging
Batting: RHB Danny Berry 0-0: Ball
1-0: Ball
2-0: Called Strike
2-1: Called Strike
2-2: Strikes out swinging
Batting: RHB Neritan Murati 0-0: Ball
1-0: Foul Ball, location: 9LMF
1-1: Fly out, F8 (Flyball, 8LS, EV 91.9 MPH)
Top of the 1st over - 0 runs, 0 hits, 0 errors, 1 left on base; Minneapolis 0 - Memphis 0
BOTTOM OF THE 1ST
Memphis Blues batting - Pitching for Minneapolis Millers : RHP Kevin Lijewski
Pitching: RHP Kevin Lijewski
Batting: RHB Cisco Irizarry 0-0: Fly out, F8 (Line Drive, 78M, EV 104.4 MPH)
Batting: LHB Beau Wainright 0-0: Ball
1-0: Foul Ball, location: 23FF
1-1: Ball
2-1: Foul Ball, location: 5DF
2-2: Ball
3-2: Strikes out swinging
Batting: LHB Dan Gaccione 0-0: Ball
1-0: Called Strike
1-1: Foul Ball, location: 2LF
1-2: Strikes out swinging
Bottom of the 1st over - 0 runs, 0 hits, 0 errors, 0 left on base; Minneapolis 0 - Memphis 0
TOP OF THE 2ND
Minneapolis Millers batting - Pitching for Memphis Blues : LHP Pete Smashey
Batting: SHB Dexter Morgan 0-0: Called Strike
0-1: Ball
1-1: Called Strike
1-2: Fly out, F8 (Flyball, 89D, EV 110.0 MPH)
Batting: SHB Jarred Malone 0-0: Called Strike
0-1: Ball
1-1: Swinging Strike
1-2: Foul Ball, location: 9LMF
1-2: Foul Ball, location: 7LMF
1-2: Foul Ball, location: 2F
1-2: Foul Ball, location: 7LMF
1-2: Fly out, F9 (Flyball, 9, EV 86.3 MPH)
Batting: RHB Daniel Peña 0-0: Called Strike
0-1: Ball
1-1: SINGLE (Groundball, 4MD, EV 97.5 MPH)
Batting: RHB Jesús Alfaro 0-0: Called Strike
0-1: Called Strike
0-2: Ball
1-2: Fly out, F9 (Flyball, 9, EV 90.0 MPH)
Top of the 2nd over - 0 runs, 1 hit, 0 errors, 1 left on base; Minneapolis 0 - Memphis 0
BOTTOM OF THE 2ND
Memphis Blues batting - Pitching for Minneapolis Millers : RHP Kevin Lijewski
Batting: SHB Jesús Escobedo 0-0: Called Strike
0-1: Fly out, F6 (Popup, 6MS, EV 76.9 MPH)
Batting: LHB Héctor García 0-0: Ground out 6-3 (Groundball, 6, EV 81.3 MPH)
Batting: RHB Dave Goff 0-0: Fly out, F8 (Flyball, 8LXD, EV 76.9 MPH)
Bottom of the 2nd over - 0 runs, 0 hits, 0 errors, 0 left on base; Minneapolis 0 - Memphis 0
TOP OF THE 3RD
Minneapolis Millers batting - Pitching for Memphis Blues : LHP Pete Smashey
Batting: RHB Derek Shipes 0-0: Foul Ball, location: 2LF
0-1: Fly out, F9 (Flyball, 9, EV 95.6 MPH)
Batting: SHB Chuck Rhoades 0-0: Foul Ball, location: 2F
0-1: SINGLE (Line Drive, 9S, EV 96.9 MPH)
Batting: RHB Wilson Pérez 0-0: SINGLE (Flyball, 8LS, EV 92.5 MPH)
Chuck Rhoades to second
Batting: RHB Danny Berry 0-0: Called Strike
0-1: Foul Ball, location: 5F
0-2: Ball
1-2: Ball
2-2: Foul Ball, location: 2F
2-2: Ball
3-2: Foul Ball, location: 2F
3-2: Fly out, F2 (Popup, 23F, EV 92.5 MPH)
Batting: RHB Neritan Murati 0-0: Called Strike
0-1: Foul Ball, location: 3SF
0-2: Ball
1-2: Ball
2-2: Ball
3-2: Fly out, F9 (Flyball, 9, EV 80.0 MPH)
Top of the 3rd over - 0 runs, 2 hits, 0 errors, 2 left on base; Minneapolis 0 - Memphis 0
BOTTOM OF THE 3RD
Memphis Blues batting - Pitching for Minneapolis Millers : RHP Kevin Lijewski
Batting: SHB Dominic Sackett Jr. 0-0: Called Strike
0-1: Reached on error, E4 (Groundball, 4D, EV 96.3 MPH)
Batting: RHB José Ulibarri 0-0: Ball
1-0: Ball
2-0: Ground out 5-3 (Groundball, 5S, EV 80.6 MPH)
Dominic Sackett Jr. to third
Batting: SHB Marty Byrde 0-0: Called Strike
0-1: Swinging Strike
0-2: Ball
1-2: Strikes out looking
Batting: RHB Cisco Irizarry 0-0: Ball
1-0: DOUBLE (Groundball, 5L, EV 106.3 MPH)
Dominic Sackett Jr. scores
Batting: LHB Beau Wainright 0-0: Ball
1-0: Ball
2-0: Called Strike
2-1: Foul Ball, location: 2F
2-2: Ball
3-2: Foul Ball, location: 23FF
3-2: SINGLE (Line Drive, 4D, EV 63.8 MPH)
Cisco Irizarry to third
Runner from 3rd tries for Home, SAFE, throw by RF to home
Batting: LHB Dan Gaccione 0-0: Called Strike
0-1: Swinging Strike
0-2: Ball
1-2: SINGLE (Line Drive, 4D, EV 96.9 MPH)
Beau Wainright to second
Runner from 2nd tries for 3rd, SAFE, throw by CF made to third
Batting: SHB Jesús Escobedo 0-0: Foul Ball, location: 9LSF
0-1: Ball
1-1: Ground out 4-3 (Groundball, 4, EV 99.4 MPH)
Bottom of the 3rd over - 2 runs, 3 hits, 1 error, 2 left on base; Minneapolis 0 - Memphis 2
TOP OF THE 4TH
Minneapolis Millers batting - Pitching for Memphis Blues : LHP Pete Smashey
Batting: SHB Dexter Morgan 0-0: Ball
1-0: SINGLE (Groundball, 4MD, EV 102.5 MPH)
Batting: SHB Jarred Malone 0-0: Foul Ball, location: 5F
0-1: Fly out, F8 (Flyball, 8RD, EV 94.4 MPH)
Batting: RHB Daniel Peña 0-0: Swinging Strike
0-1: Swinging Strike
0-2: Ball
1-2: Foul Ball, location: 3DF
1-2: Ball
2-2: Strikes out swinging
Batting: RHB Jesús Alfaro 0-0: SINGLE (Groundball, 34D, EV 100.6 MPH)
Dexter Morgan to second
Runner from 2nd tries for 3rd, SAFE, throw by RF made to third
Batting: RHB Derek Shipes 0-0: Called Strike
0-1: Swinging Strike
0-2: Ball
1-2: Ball
2-2: DOUBLE (Line Drive, 9LM, EV 105.0 MPH)
Dexter Morgan scores
Jesús Alfaro to third
Runner from 3rd tries for Home, SAFE, throw by RF to home
Batting: SHB Chuck Rhoades 0-0: Ball
1-0: Foul Ball, location: 2F
1-1: Called Strike
1-2: SINGLE (Line Drive, 89S, EV 102.5 MPH)
Derek Shipes to third
Runner from 3rd tries for Home, SAFE, throw by CF to home
Batting: RHB Wilson Pérez 0-0: Foul Ball, location: 9LSF
0-1: Ball
1-1: Swinging Strike
1-2: Foul Ball, location: 23F
1-2: Ground out 4-3 (Groundball, 34, EV 75.6 MPH)
Top of the 4th over - 3 runs, 4 hits, 0 errors, 1 left on base; Minneapolis 3 - Memphis 2
BOTTOM OF THE 4TH
Memphis Blues batting - Pitching for Minneapolis Millers : RHP Kevin Lijewski
Batting: LHB Héctor García 0-0: Ball
1-0: Foul Ball, location: 2F
1-1: Ball
2-1: Fly out, F7 (Flyball, 7LMF, EV 85.6 MPH)
Batting: RHB Dave Goff 0-0: Called Strike
0-1: SINGLE (Groundball, 4MD, EV 94.4 MPH)
Batting: SHB Dominic Sackett Jr. 0-0: Called Strike
0-1: Foul Ball, location: 7LMF
0-2: Ball
1-2: Ball
2-2: SINGLE (Line Drive, 4MD, EV 99.4 MPH)
Dave Goff to second
Runner from 2nd tries for 3rd, SAFE, throw by CF made to third
Batting: RHB José Ulibarri 0-0: Foul Ball, location: 2LF
0-1: Ball
1-1: Ball
2-1: Called Strike
2-2: Foul Ball, location: 9LMF
2-2: Strikes out swinging
Batting: SHB Marty Byrde 0-0: SINGLE (Line Drive, 78S, EV 88.8 MPH)
Dave Goff scores
Dominic Sackett Jr. to second
Runner from 2nd tries for 3rd, SAFE, throw by CF made to third
Batting: RHB Cisco Irizarry 0-0: Ball
1-0: Ball
2-0: Ball
3-0: Base on Balls
Marty Byrde to second
Batting: LHB Beau Wainright 0-0: Ball
1-0: Called Strike
1-1: Fly out, F8 (Flyball, 78D, EV 88.1 MPH)
Bottom of the 4th over - 1 run, 3 hits, 0 errors, 3 left on base; Minneapolis 3 - Memphis 3
TOP OF THE 5TH
Minneapolis Millers batting - Pitching for Memphis Blues : LHP Pete Smashey
Batting: RHB Danny Berry 0-0: Foul Ball, location: 2F
0-1: Foul Ball, location: 2F
0-2: Ball
1-2: Ground out 6-3 (Groundball, 6, EV 104.4 MPH)
Batting: RHB Neritan Murati 0-0: Called Strike
0-1: DOUBLE (Groundball, 5L, EV 108.1 MPH)
Batting: SHB Dexter Morgan 0-0: Called Strike
0-1: Ball
1-1: Ball
2-1: Ground out 4-3 (Groundball, 4, EV 105.6 MPH)
Neritan Murati to third
Batting: SHB Jarred Malone 0-0: Intentional Walk
Batting: RHB Daniel Peña 0-0: DOUBLE (Flyball, 8RXD, EV 100.6 MPH)
Neritan Murati scores
Jarred Malone to third
Runner from 3rd tries for Home, SAFE, throw by CF to home
Batting: RHB Jesús Alfaro 0-0: Intentional Walk
Pitching: RHP Cristo Salas
Batting: RHB Derek Shipes 0-0: SINGLE (Line Drive, 6D, EV 68.8 MPH)
Daniel Peña to third
Jesús Alfaro to second
Runner from 3rd tries for Home, throw by LF and OUT! 7-2
Top of the 5th over - 2 runs, 3 hits, 0 errors, 2 left on base; Minneapolis 5 - Memphis 3
BOTTOM OF THE 5TH
Memphis Blues batting - Pitching for Minneapolis Millers : RHP Kevin Lijewski
Batting: LHB Dan Gaccione 0-0: Ball
1-0: Fly out, F6 (Popup, 6M, EV 67.5 MPH)
Batting: SHB Jesús Escobedo 0-0: SINGLE (Flyball, 5D, EV 84.4 MPH)
Batting: LHB Héctor García 0-0: Ball
1-0: Ball
2-0: Foul Ball, location: 3FF
2-1: Ball
3-1: Base on Balls
Jesús Escobedo to second
Batting: RHB Dave Goff 0-0: Fielders Choice at 2nd, 4-6 (Groundball, 34, EV 86.9 MPH)
Jesús Escobedo to third
Batting: SHB Dominic Sackett Jr. 0-0: Ball
1-0: Ball
2-0: SINGLE (Line Drive, 4M, EV 103.8 MPH)
Jesús Escobedo scores
Dave Goff to second
Batting: RHB José Ulibarri 0-0: Ball
1-0: Swinging Strike
1-1: Fly out, F4 (Popup, 23, EV 90.6 MPH)
Bottom of the 5th over - 1 run, 2 hits, 0 errors, 2 left on base; Minneapolis 5 - Memphis 4
TOP OF THE 6TH
Minneapolis Millers batting - Pitching for Memphis Blues : RHP Cristo Salas
Batting: SHB Chuck Rhoades 0-0: Ball
1-0: Foul Ball, location: 7LDF
1-1: Ground out 6-3 (Groundball, 6M, EV 110.6 MPH)
Batting: RHB Wilson Pérez 0-0: Called Strike
0-1: Called Strike
0-2: Ground out 6-3 (Groundball, 6, EV 87.5 MPH)
Batting: RHB Danny Berry 0-0: Ball
1-0: Foul Ball, location: 2F
1-1: Ball
2-1: Foul Ball, location: 23F
2-2: Fly out, F5 (Popup, 5SF, EV 76.3 MPH)
Top of the 6th over - 0 runs, 0 hits, 0 errors, 0 left on base; Minneapolis 5 - Memphis 4
BOTTOM OF THE 6TH
Memphis Blues batting - Pitching for Minneapolis Millers : RHP Kevin Lijewski
Batting: SHB Marty Byrde 0-0: Ball
1-0: Ground out 6-3 (Groundball, 6M, EV 98.8 MPH)
Batting: RHB Cisco Irizarry 0-0: Ball
1-0: Ground out 5-3 (Groundball, 56, EV 90.6 MPH)
Batting: LHB Beau Wainright 0-0: Ball
1-0: Fly out, F9 (Flyball, 89S, EV 96.9 MPH)
Bottom of the 6th over - 0 runs, 0 hits, 0 errors, 0 left on base; Minneapolis 5 - Memphis 4
TOP OF THE 7TH
Minneapolis Millers batting - Pitching for Memphis Blues : RHP Cristo Salas
Batting: RHB Neritan Murati 0-0: Foul Ball, location: 25F
0-1: Ball
1-1: Ball
2-1: Ground out 6-3 (Groundball, 6, EV 88.1 MPH)
Batting: SHB Dexter Morgan 0-0: Called Strike
0-1: Ball
1-1: Ground out U3 (Groundball, 34, EV 101.9 MPH)
Batting: SHB Jarred Malone 0-0: Ball
1-0: Foul Ball, location: 23F
1-1: Swinging Strike
1-2: Ground out U3 (Groundball, 34, EV 80.6 MPH)
Top of the 7th over - 0 runs, 0 hits, 0 errors, 0 left on base; Minneapolis 5 - Memphis 4
BOTTOM OF THE 7TH
Memphis Blues batting - Pitching for Minneapolis Millers : RHP Kevin Lijewski
Pitching: RHP Chris Brade
Batting: LHB Dan Gaccione 0-0: Swinging Strike
0-1: Ground out 4-3 (Groundball, 4, EV 80.6 MPH)
Batting: SHB Jesús Escobedo 0-0: Foul Ball, location: 2F
0-1: Fly out, F8 (Flyball, 8RS, EV 86.9 MPH)
Batting: LHB Héctor García 0-0: Foul Ball, location: 2LF
0-1: Ground out 1-3 (Groundball, 15S, EV 70.0 MPH)
Bottom of the 7th over - 0 runs, 0 hits, 0 errors, 0 left on base; Minneapolis 5 - Memphis 4
TOP OF THE 8TH
Minneapolis Millers batting - Pitching for Memphis Blues : RHP Cristo Salas
Batting: RHB Daniel Peña 0-0: Ball
1-0: Foul Ball, location: 3FF
1-1: Ball
2-1: Swinging Strike
2-2: Strikes out looking
Batting: RHB Jesús Alfaro 0-0: Ball
1-0: Swinging Strike
1-1: Swinging Strike
1-2: Ball
2-2: Strikes out swinging
Pitching: RHP Sheridon Raffles
Batting: RHB Derek Shipes 0-0: Ball
1-0: Called Strike
1-1: Swinging Strike
1-2: Strikes out swinging
Top of the 8th over - 0 runs, 0 hits, 0 errors, 0 left on base; Minneapolis 5 - Memphis 4
BOTTOM OF THE 8TH
Memphis Blues batting - Pitching for Minneapolis Millers : RHP Chris Brade
Now in LF: DeMario Leyva
Now in RF: Jesús Alfaro
Batting: RHB Dave Goff 0-0: Called Strike
0-1: Called Strike
0-2: Foul Ball, location: 2F
0-2: Ball
1-2: Ball
2-2: Ball
3-2: Strikes out swinging
Batting: SHB Dominic Sackett Jr. 0-0: Ball
1-0: Ball
2-0: Called Strike
2-1: Ball
3-1: Base on Balls
Pinch Hitting: LHB Dave Anderson 0-0: Ball
1-0: Foul Ball, location: 9LSF
1-1: Swinging Strike
1-2: Ball
2-2: Foul Ball, location: 3F
2-2: Grounds into double play, 4-6-3 (Groundball, 34, EV 105.6 MPH)
Bottom of the 8th over - 0 runs, 0 hits, 0 errors, 0 left on base; Minneapolis 5 - Memphis 4
TOP OF THE 9TH
Minneapolis Millers batting - Pitching for Memphis Blues : RHP Sheridon Raffles
Now at 2B: Bobby Castoro
Pinch Hitting: LHB Liam Trudgeon 0-0: Called Strike
0-1: Ball
1-1: Fly out, F8 (Line Drive, 8RD, EV 89.4 MPH)
Batting: LHB DeMario Leyva 0-0: Ball
1-0: SINGLE (Groundball, 4MD, EV 98.8 MPH)
Batting: RHB Danny Berry 0-0: Swinging Strike
0-1: Called Strike
0-2: Foul Ball, location: 9LMF
0-2: Strikes out looking
Batting: RHB Neritan Murati 0-0: Called Strike
0-1: Ball
1-1: Called Strike
DeMario Leyva steals 2nd base
1-2: Fly out, F9 (Flyball, 9S, EV 90.6 MPH)
Top of the 9th over - 0 runs, 1 hit, 0 errors, 1 left on base; Minneapolis 5 - Memphis 4
BOTTOM OF THE 9TH
Memphis Blues batting - Pitching for Minneapolis Millers : RHP Chris Brade
Pitching: LHP Ed Fish
Now at 2B: Luis Vázquez
Batting: SHB Marty Byrde 0-0: Ball
1-0: SINGLE (Groundball, P, EV 84.4 MPH) (infield hit)
Batting: RHB Cisco Irizarry 0-0: Bunted foul
0-1: Ball
1-1: Bunt missed!
1-2: Foul Ball, location: 25F
1-2: Ball
2-2: Ball
3-2: Base on Balls
Marty Byrde to second
Batting: LHB Beau Wainright 0-0: Ball
1-0: Grounds into double play, 4-6-3 (Groundball, 4, EV 99.4 MPH)
Marty Byrde to third
Batting: LHB Dan Gaccione 0-0: Called Strike
0-1: Called Strike
0-2: Ball
1-2: Fly out, F8 (Flyball, 8LD, EV 101.9 MPH)
Bottom of the 9th over - 0 runs, 1 hit, 0 errors, 1 left on base; Minneapolis 5 - Memphis 4
Tuesday, March 5th , 2024 - OOTP Baseball 24.11 Build 85